 Dungeon Crawl Stone Soup version 0.28.0-47-ge53b351184 (webtiles) character file.

Game seed: 10063530967657379589

89 glarfugus the Skirmisher (level 4, 0/29 HPs)
             Began as a Gargoyle Abyssal Knight on Apr 28, 2022.
             Was a Believer of Lugonu.
             Slain by a gnoll
             ... wielding a +0 spear
              (4 damage)
             ... on level 3 of the Dungeon.
             The game lasted 00:07:44 (2900 turns).

glarfugus the Skirmisher (Gargoyle Abyssal Knight)  Turns: 2900, Time: 00:07:45

Health: 0/29       AC: 12    Str: 19    XL:     4   Next: 55%
Magic:  5/5        EV:  7    Int: 10    God:    Lugonu [**....]
Gold:   104        SH:  0    Dex: 16    Spells: 3/3 levels left

rFire   . . .      SeeInvis .   a - +1 mace
rCold   . . .      Faith    .   (no shield)
rNeg    + . .      Spirit   .   i - +0 chain mail
rPois   ∞          Reflect  .   (no helmet)
rElec   +          Harm     .   (no cloak)
rCorr   .          Rampage  .   (no gloves)
Will    .....                   (no boots)
Stlth   ..........              (no amulet)
HPRegen 0.09/turn               d - +6 ring of dexterity
MPRegen 0.09/turn               (no ring)

@: no status effects
A: sickness immunity, AC +3, negative energy resistance 1, electricity
resistance, torment resistance 1, petrification resistance
a: Renounce Religion, Depart the Abyss, Bend Space


You were on level 3 of the Dungeon.
You worshipped Lugonu.
Lugonu was pleased with you.
You visited 1 branch of the dungeon, and saw 3 of its levels.
You visited the Abyss 1 time.

You collected 104 gold pieces.

Inventory:

Hand Weapons
 a - a +1 mace (weapon)
 c - a +0 dagger
Armour
 b - a +0 leather armour
 i - a +0 chain mail (worn)
 p - a +1 scale mail of willpower
Jewellery
 d - a +6 ring of dexterity (left hand)
 g - a +6 ring of strength
Scrolls
 l - a scroll of teleportation {unknown}
 m - a scroll of amnesia {unknown}
 q - a scroll of holy word {unknown}
 r - a scroll of blinking {unknown}
 s - a scroll of enchant weapon {unknown}
Potions
 e - a potion of lignification {unknown}
 f - a potion of mutation {unknown}
 h - 2 potions of curing {unknown}
 j - a potion of invisibility {unknown}
 k - a potion of degeneration {unknown}
 n - a potion of attraction {unknown}
 o - a potion of magic {unknown}


   Skills:
 + Level 4.1 Fighting
 + Level 3.5 Maces & Flails
 + Level 2.7 Armour
 + Level 1.1 Dodging
 + Level 0.1 Stealth
 + Level 2.0 Invocations


You had 3 spell levels left.
You didn't know any spells.
Your spell library was empty.

Dungeon Overview and Level Annotations

Branches:
Dungeon (3/15)

Altars:
Kikubaaqudgha
Makhleb

Shops:
D:1 *   D:3 (=


Innate Abilities, Weirdness & Mutations

You are immune to sickness and miasma.
Your stone body is resilient. (AC +3)
You are immune to poison.
You resist negative energy. (rN+)
You are resistant to electric shocks. (rElec)
You are resistant to unholy torment.
You are immune to petrification.


Message History

The gnoll is severely wounded.
The gnoll closely misses you.
You closely miss the gnoll.
The gnoll is severely wounded.
The gnoll barely misses you.
You hit the gnoll.
The gnoll is almost dead.
The gnoll hits you with a +0 flail.
You sock the gnoll!
You kill the gnoll!
Lugonu accepts your kill.
You can now bend space around yourself.
The gnoll hits you with a +3 flail.
You closely miss the gnoll. The gnoll hits you but does no damage.
The gnoll hits you with a +3 flail.
You sock the gnoll!
The gnoll is severely wounded.
The gnoll hits you with a +3 flail.
The gnoll hits you from afar with a +0 spear.
You barely miss the gnoll.
The gnoll is severely wounded.
The gnoll hits you from afar with a +0 spear.
The gnoll hits you but does no damage.
You sock the gnoll!
You kill the gnoll!
Lugonu accepts your kill.
The gnoll hits you from afar with a +0 spear.
* * * LOW HITPOINT WARNING * * *
The gnoll completely misses you. The gnoll hits you but does no damage.
Things that are here:
a +3 flail; a +0 flail; a gnoll corpse You barely miss the gnoll.
The gnoll hits you but does no damage.
You hit the gnoll.
The gnoll is lightly wounded.
The gnoll hits you with a +0 spear.
* * * LOW HITPOINT WARNING * * *
You hit the gnoll but do no damage.
The gnoll is lightly wounded.
The gnoll hits you with a +0 spear.
You die...

####### #.....#
####.###.# ###
..#.#.#.########..
#g#...............
#@#>.<............
#.###.#.########..
#(....#.# #..
#######+# #.. #..
#.. #.. #.. #..


You could see a gnoll.

Vanquished Creatures
  An adder (D:2)
  2 gnolls (D:3)
  2 worms (D:2)
  A dart slug (D:2)
  6 endoplasms
  3 giant cockroaches (D:1)
  3 goblins
  5 hobgoblins
  4 jackals (D:1)
  2 quokkas (D:1)
  3 ball pythons (D:1)
  9 bats
  4 frilled lizards
  A kobold (D:2)
  6 rats
52 creatures vanquished.

Vanquished Creatures (others)
  A plant (D:1)
1 creature vanquished.

Grand Total: 53 creatures vanquished

Notes
Turn   | Place    | Note
-------+----------+-------------------------------------------
     0 | Abyss:1  | glarfugus the Gargoyle Abyssal Knight began the quest for
                  | the Orb.
     0 | Abyss:1  | Reached XP level 1. HP: 14/14 MP: 2/2
    52 | D:1      | Escaped the Abyss
   828 | D:1      | Reached XP level 2. HP: 17/19 MP: 3/3
  1042 | D:1      | Reached * piety under Lugonu
  1142 | D:1      | Reached skill level 1 in Dodging
  1203 | D:1      | Found Pousuas's General Store.
  1457 | D:1      | Reached XP level 3. HP: 24/24 MP: 4/4
  2086 | D:2      | Reached skill level 4 in Fighting
  2317 | D:2      | Reached XP level 4. HP: 29/29 MP: 5/5
  2756 | D:3      | Found a burning altar of Makhleb.
  2781 | D:3      | Found Veezuas's Jewellery Boutique.
  2790 | D:3      | Found an ancient bone altar of Kikubaaqudgha.
  2801 | D:3      | Found Ceocukk's Antique Weapon Emporium.
  2804 | D:3      | Found a faded altar of an unknown god.
  2892 | D:3      | Reached ** piety under Lugonu
  2900 | D:3      | Slain by a gnoll

Illustrated notes

Levels and vault maps discovered:
D:1:      sevenhm_arrival_forest_fort_large_4, layout_rooms, serial_bayou,
          serial_bayou_pond_c, serial_bayou_crossing, serial_bayou_lagoon_b,
          serial_bayou_ford_a, serial_shops, nicolae_shop_waterfront,
          minmay_pentomino_q2
D:2:      layout_loops_cross
D:3:      layout_basic, overflow_temple_1_default, old_standard_altar,
          marbit_many_paths, serial_shops, shop, shop_statue, shop,
          nicolae_shop_waterfront, lightli_sewer_entry_pipes,
          basic_ecumenical_altar

Skill      XL: |  1  2  3 |
---------------+----------+-----
Dodging        | 1 |  1.1
Fighting       | 4 |  4.1
Maces & Flails | 3 |  3.5
Armour         | |  2.7
Stealth        | |  0.1
Invocations    | |  2.0

Action                   |  1- 3 |  4- 6 || total
-------------------------+-------+-------++-------
Melee: Mace              |   121 |    50 ||   171
       Punch             |     1 |       ||     1
Invok: Depart the Abyss  |     1 |       ||     1
 Stab: Sleeping          |     1 |       ||     1
Armor: Leather armour    |    37 |       ||    37
       Chain mail        |    25 |    45 ||    70
Dodge: Dodged            |    89 |    21 ||   110
